AoeStats
← [La14]Uvita

Arabia

510597465Analyzed
1v1 RM · 10h ago on Oct 1, 2026· 52m 40s· 2 players
Game mode
Random Map
Map size
Tiny (2 player)
Population
200
Speed
Normal
Resources
Standard
Victory
Conquest
Starting age
Dark Age
Ending age
Imperial Age
RankedLock teamsTeams togetherTeam positionsShared explorationLock speedFull tech treeHidden civsTurbo modeCheats
Victory
Defeat
🇦🇷 Magyars · Argentina
905
+16
🇲🇽 Varangians · Mexico
907
-32
[La14]Uvita
7:09 Loom
9:55 Feudal Age
12:06 Double-Bit Axe
14:58 Horse Collar
20:49 Gold Mining
23:11 Castle Age
21:48 Fletching
23:17 Wheelbarrow
23:50 Bloodlines
25:14 Bow Saw
26:25 Town Watch
27:16 Bodkin Arrow
27:22 Padded Archer Armor
27:28 Light Cavalry
29:07 Scale Barding Armor
30:57 Husbandry
31:24 Heavy Plow
32:16 Leather Archer Armor
34:57 Fervor
37:16 Ballistics
39:09 Hand Cart
39:50 Gold Mining
39:50 Stone Mining
42:03 Treadmill Crane
42:35 Careening
44:03 Chain Barding Armor
46:25 Imperial Age
46:10 Murder Holes
46:33 Corvinian Army
48:22 Chemistry
48:40 Conscription
48:53 Thumb Ring
50:09 Plate Barding Armor
51:05 Elite Magyar Huszar
jonvil25
10:48 Feudal Age
11:56 Man-at-Arms
12:23 Loom
18:24 Wheelbarrow
20:09 Horse Collar
21:28 Town Watch
24:09 Castle Age
28:41 Double-Bit Axe
30:18 Fletching
31:59 Bodkin Arrow
32:35 Elite Skirmisher
42:12 Bloodlines
48:39 Bow Saw
51:44 Gold Mining
51:30 Pikeman
52:49 Husbandry
Connection lost

Rejoining the realm…

Still unreachable

The connection could not be restored.

Session expired

The server has moved on; the page needs a fresh start.